 Dungeon Crawl Stone Soup version 0.26-a0-1053-gaff5f71418 (webtiles) character file.

Game seed: 10139801090300958991

20064 streetpizza the Devastator (level 12, -8/76 HPs)
             Began as a Tengu Conjurer on Dec 12, 2020.
             Was an Elder of Vehumet.
             Engulfed by an ice statue's freezing vapour (24 damage)
             ... in an ice cave.
             The game lasted 01:12:41 (17433 turns).

streetpizza the Devastator (Tengu Conjurer)        Turns: 17433, Time: 01:12:42

Health: -8/76      AC:  9    Str: 14    XL:     12   Next: 75%
Magic:  14/34      EV: 22    Int: 18    God:    Vehumet [****..]
Gold:   654        SH:  5    Dex: 13    Spells: 15/28 levels left

rFire    . . .     SeeInvis +   J - +3 demon trident (vamp)
rCold    . . .     Faith    .   K - +0 buckler
rNeg     . . .     Spirit   .   F - +0 steam dragon scales
rPois    .         Reflect  .   G - +3 hat "Ahinti" {MP+9 Str+6 Int-5}
rElec    .         Harm     .   (no cloak)
rCorr    .         Rampage  .   M - +0 pair of gloves
Will     .....                  (boots unavailable)
Stlth    ++........             (no amulet)
HPRegen  0.22/turn              H - ring of see invisible
MPRegen  0.24/turn              (no ring)

@: flying quickly and evasively, quick
A: beak, talons 3, able to fly
a: Stop Flying, Renounce Religion


You were in an ice cave.
You worshipped Vehumet.
Vehumet was greatly pleased with you.
You visited 2 branches of the dungeon, and saw 14 of its levels.
You also visited: Ice Cave.

You collected 654 gold pieces.

Inventory:

Hand Weapons
 C - the +3 rapier of Discomfort {venom, rElec rPois Dex-3 Stlth-}
   (You found it on level 8 of the Dungeon)

   It poisons the flesh of those it strikes.
   It affects your dexterity (-3).
   It insulates you from electricity.
   It protects you from poison.
   It makes you less stealthy.
 E - a +1 long sword of flaming
 J - a +3 vampiric demon trident (weapon)
Missiles
 s - 6 curare-tipped darts (quivered)
Armour
 F - +0 steam dragon scales (worn)
 G - the +3 hat "Ahinti" (worn) {MP+9 Str+6 Int-5}
   (You found it on level 10 of the Dungeon)

   It affects your strength (+6).
   It affects your intelligence (-5).
   It affects your magic capacity (+9).
 K - a +0 buckler (worn)
 M - a +0 pair of gloves (worn)
Jewellery
 H - a ring of see invisible (left hand)
Wands
 w - a wand of enslavement (9)
 y - a wand of iceblast (17)
 A - a wand of random effects (13)
 I - a wand of acid (11)
Scrolls
 a - 2 scrolls of fear {unknown}
 b - 6 scrolls of teleportation {unknown}
 c - 4 scrolls of enchant armour {unknown}
 d - 12 scrolls of identify {unknown}
 e - 2 scrolls of blinking {unknown}
 g - 6 scrolls of remove curse
 i - 7 scrolls of amnesia {unknown}
 l - 2 scrolls of random uselessness {unknown}
 n - 2 scrolls of fog {unknown}
 q - 6 scrolls of enchant weapon {unknown}
 x - a scroll of magic mapping {unknown}
 D - a scroll of summoning {unknown}
Potions
 f - 4 potions of flight {unknown}
 h - 3 potions of lignification {unknown}
 j - 2 potions of curing {unknown}
 k - 2 potions of berserk rage {unknown}
 m - 6 potions of haste {unknown}
 o - a potion of resistance
 p - 5 potions of brilliance {unknown}
 r - 3 potions of might {unknown}
 t - a potion of degeneration {unknown}
 u - 3 potions of magic {unknown}
 v - a potion of invisibility {unknown}
 z - a potion of attraction {unknown}
 B - 2 potions of ambrosia {unknown}
 L - a potion of heal wounds {unknown}


   Skills:
 + Level 9.1 Fighting
 + Level 10.3 Dodging
 - Level 2.0 Stealth
 - Level 4.4 Shields
 + Level 8.7 Spellcasting
 + Level 15.8 Conjurations
 + Level 4.6 Air Magic


You had 15 spell levels left.
You knew the following spells:

 Your Spells              Type           Power        Failure   Level
a - Magic Dart            Conj           ####         0%          1
b - Searing Ray           Conj           ######       0%          2
c - Iskenderun's Mystic   Conj/Tloc      #####...     1%          4
d - Mephitic Cloud        Conj/Pois/Air  ####....     1%          3
e - Frozen Ramparts       Ice            #.....       7%          3

Your spell library contained the following spells:

 Spells                   Type           Power        Failure   Level
 Dazzling Flash           Conj/Hex       #####.       1%          3
 Fulminant Prism          Conj/Hex       #####.....   1%          4
 Animate Skeleton         Necr           #.....       9%          1
 Pain                     Necr           #...         9%          1
 Vampiric Draining        Necr           #.........   26%         3
 Animate Dead             Necr           #.........   65%         4
 Agony                    Necr           #.......     94%         5
 Summon Demon             Summ           #.........   94%         5
 Summon Forest            Summ/Tloc      #.........   94%         5
 Summon Mana Viper        Hex/Summ       #.......     94%         5
 Shadow Creatures         Summ           N/A          100%        6
 Summon Hydra             Summ           #.........   100%        7


Dungeon Overview and Level Annotations

Branches:
Dungeon (13/15)            Temple (1/1) D:7            Lair (0/6) D:8
    Orc (0/2) D:12          IceCv (1/1)
 Vaults: D:13-14

Altars:
Ashenzari
Cheibriados
Dithmenos
Elyvilon
Fedhas
Gozag
Hepliaklqana
Kikubaaqudgha
Makhleb
Nemelex Xobeh
Okawaru
Qazlal
Ru
Sif Muna
Trog
Uskayaw
Vehumet
Wu Jian
Xom
Yredelemnul
Zin
The Shining One

Shops:
D:4 }   D:12 }

Annotations:
D:10 exclusion: boulder beetle
D:11 3 runed translucent doors, robertstho's ghost, journeyman GnIE
D:13 Urug IceCv exclusion: 2 ice statues


Innate Abilities, Weirdness & Mutations

You have a beak for a mouth.
You have claws for feet.
You can fly continuously.


Message History

You are engulfed in freezing vapours.
* * * LOW HITPOINT WARNING * * *
The ice beast hits you but does no damage.
Unknown command.
Unknown command.
Casting: Iskenderun's Mystic Blast (dangerous; 1% risk of failure)
Confirm with . or Enter, or press ? or * to list all spells.
You erupt in a blast of force!
The mystic blast hits the ice statue!
The ice statue is severely damaged.
The mystic blast hits the ice beast!
You kill the ice beast!
The mystic blast hits the ice beast!
The ice beast is severely wounded.
The ice beast is knocked back by the mystic blast.
The mystic blast hits the ice beast.
The ice beast is severely wounded.
The ice beast is knocked back by the mystic blast.
The ice beast slams into the ice covered rock wall!
You are engulfed in freezing vapours.
You die...

#### ##.#.#### ####
##....°Y8# #### ##..#
#.....@°####..#####....
#.....°°°##....##......
#......°....#.......∩.∩
##.........###.........
#....Y..### ##..##....
#......## ######..#
#......8# ####
##.....## ##.°..#


You could see 2 ice statues and 2 ice beasts.

Vanquished Creatures
  Snorg (D:10)
  Erolcha (D:9)
  3 two-headed ogres
  An unseen horror (D:12)
  A manticore (D:12)
  2 cyclopes
  A gargoyle (D:10)
  7 orange demons (D:12)
  Maggie (D:10)
  A komodo dragon (D:8)
  2 ice devils (D:13)
  3 red devils (D:12)
  A troll (D:11)
  A hornet (D:10)
  3 slime creatures (D:12)
  12 yaks
  2 wyverns
  2 redbacks (D:10)
  2 wraiths
  Grum (D:8)
  3 wargs (D:12)
  2 sky beasts
  4 orc warriors
  6 ice beasts
  2 necrophages
  A phantom (D:12)
  An eye of draining (D:11)
  7 ogres
  3 wolves (D:8)
  4 centaurs
  A big kobold (D:12)
  5 bullfrogs
  2 wyvern zombies
  A gnoll sergeant (D:5)
  2 water moccasin zombies
  5 scorpions
  9 wights
  3 howler monkeys
  3 hounds
  4 bullfrog zombies
  3 centaur zombies
  13 orc priests
  3 bullfrog skeletons
  4 centaur skeletons
  5 jellies
  8 orc wizards
  Jessica (D:3)
  6 iguanas
  10 worker ants
  A killer bee zombie (D:8)
  4 hound zombies
  A hound skeleton (D:9)
  A howler monkey zombie (D:5)
  2 worker ant zombies
  4 gnolls
  A howler monkey skeleton (D:4)
  12 adders
  3 shadow imps
  10 white imps
  6 ufetubi
  2 oozes (D:1)
  2 adder skeletons
  An adder zombie (D:4)
  4 worms
  3 dart slugs
  5 leopard geckos
  23 orcs
  6 bats
  7 giant cockroaches
  8 goblins
  5 hobgoblins
  2 jackals (D:2)
  5 quokkas
  A ball python (D:4)
  9 frilled lizards
  13 kobolds
  A leopard gecko skeleton (D:4)
  7 rats
318 creatures vanquished.

Vanquished Creatures (others)
  A human (D:4)
  3 white imps (IceCv)
  6 ufetubi (IceCv)
  7 fungi (D:8)
  19 plants
36 creatures vanquished.

Grand Total: 354 creatures vanquished

Notes
Turn   | Place    | Note
-------+----------+-------------------------------------------
     0 | D:1      | streetpizza the Tengu Conjurer began the quest for the Orb.
     0 | D:1      | Reached XP level 1. HP: 10/10 MP: 4/4
   156 | D:1      | Reached XP level 2. HP: 16/16 MP: 3/6
   159 | D:1      | Learned a level 2 spell: Searing Ray
   610 | D:1      | Reached XP level 3. HP: 12/20 MP: 0/7
   951 | D:1      | Reached skill level 1 in Fighting
  1316 | D:2      | Reached skill level 6 in Conjurations
  1507 | D:2      | Reached XP level 4. HP: 25/25 MP: 4/8
  1895 | D:2      | Found a burning altar of Makhleb.
  1897 | D:2      | Noticed a blizzard demon
  1901 | D:2      | Noticed a hellwing
  1901 | D:2      | Noticed a neqoxec
  2665 | D:3      | Noticed Jessica
  2667 | D:3      | Killed Jessica
  2668 | D:3      | Gained mutation: You can fly continuously. [Tengu growth]
  2668 | D:3      | Reached XP level 5. HP: 30/30 MP: 5/10
  3053 | D:4      | Found Akkeguph's Gadget Emporium.
  3139 | D:4      | Reached skill level 7 in Conjurations
  3150 | D:4      | Found an ancient bone altar of Kikubaaqudgha.
  3156 | D:4      | Reached XP level 6. HP: 18/35 MP: 1/11
  4130 | D:4      | Reached skill level 8 in Conjurations
  4130 | D:4      | Reached XP level 7. HP: 33/40 MP: 3/13
  4260 | D:4      | Noticed a human
  4261 | D:4      | Killed a human
  4337 | D:5      | Entered Level 5 of the Dungeon
  5380 | D:5      | Reached skill level 9 in Conjurations
  5519 | D:5      | Reached XP level 8. HP: 48/48 MP: 9/15
  5613 | D:5      | Reached skill level 5 in Dodging
  6291 | D:6      | Reached skill level 10 in Conjurations
  6609 | D:6      | Reached XP level 9. HP: 20/52 MP: 8/17
  6969 | D:6      | Reached skill level 5 in Spellcasting
  7426 | D:6      | Reached skill level 5 in Fighting
  7496 | D:6      | Reached skill level 11 in Conjurations
  7614 | D:7      | Found a staircase to the Ecumenical Temple.
  7623 | Temple   | Entered the Ecumenical Temple
  7630 | Temple   | Became a worshipper of Vehumet
  8331 | D:7      | Learned a level 4 spell: Iskenderun's Mystic Blast
  9146 | D:8      | Reached * piety under Vehumet
  9146 | D:8      | Offered knowledge of Freeze by Vehumet.
  9228 | D:8      | Reached skill level 12 in Conjurations
  9686 | D:8      | Found a staircase to the Lair.
  9701 | D:8      | Got a crude rapier
  9702 | D:8      | Identified the +3 rapier of Discomfort {venom, rElec rPois
                  | Dex-3 Stlth-} (You found it on level 8 of the Dungeon)
  9717 | D:8      | Reached XP level 10. HP: 52/60 MP: 16/19
 10027 | D:8      | Noticed Grum
 10032 | D:8      | Killed Grum
 10350 | D:9      | Noticed Erolcha
 10420 | D:9      | Killed Erolcha
 10421 | D:9      | Reached skill level 13 in Conjurations
 10683 | D:9      | Found a shimmering altar of Xom.
 11192 | D:10     | Entered Level 10 of the Dungeon
 11653 | D:10     | Noticed Snorg
 11678 | D:9      | Reached ** piety under Vehumet
 11678 | D:9      | Offered knowledge of Shock by Vehumet.
 12005 | D:10     | Noticed Maggie
 12020 | D:10     | Killed Maggie
 12162 | D:10     | Reached XP level 11. HP: 43/67 MP: 12/22
 12370 | D:10     | Killed Snorg
 12371 | D:10     | Reached skill level 14 in Conjurations
 12965 | D:10     | Found a runed translucent door.
 13284 | D:10     | Got a slimy hat
 13290 | D:10     | Identified the +3 hat "Ahinti" {MP+9 Str+6 Int-5} (You
                  | found it on level 10 of the Dungeon)
 13333 | D:10     | Noticed a boulder beetle
 13598 | D:11     | Offered knowledge of Stone Arrow by Vehumet.
 13931 | D:11     | Noticed a two-headed ogre
 13938 | D:11     | Killed a two-headed ogre
 14074 | D:11     | Noticed robertstho's ghost (journeyman GnIE)
 14078 | D:11     | Found a runed translucent gate.
 14078 | D:11     | Found a runed translucent gate.
 14080 | D:11     | Found a runed translucent gate.
 14130 | D:11     | Noticed a cyclops
 14145 | D:11     | Killed a cyclops
 14185 | D:11     | Reached skill level 15 in Conjurations
 14533 | D:12     | Reached *** piety under Vehumet
 14718 | D:12     | Offered knowledge of Mephitic Cloud by Vehumet.
 14726 | D:12     | Learned a level 3 spell: Mephitic Cloud
 14859 | D:12     | Reached skill level 1 in Air Magic
 14926 | D:12     | Noticed an unseen horror
 14981 | D:12     | Noticed a manticore
 14993 | D:12     | Killed a manticore
 14994 | D:12     | Reached XP level 12. HP: 62/75 MP: 24/25
 15241 | D:12     | Reached skill level 1 in Shields
 15372 | D:12     | Reached **** piety under Vehumet
 15393 | D:12     | Offered knowledge of Frozen Ramparts by Vehumet.
 15398 | D:12     | Learned a level 3 spell: Frozen Ramparts
 15775 | D:12     | Noticed a boulder beetle
 15811 | D:12     | Found Wyphizoll's Gadget Shop.
 15819 | D:12     | Found a staircase to the Orcish Mines.
 15848 | D:12     | Reached skill level 10 in Dodging
 15871 | D:12     | Noticed a two-headed ogre
 15881 | D:12     | Killed a two-headed ogre
 16373 | D:13     | Found a basalt altar of Yredelemnul.
 16383 | D:13     | Noticed a two-headed ogre
 16391 | D:13     | Noticed Urug
 16392 | D:13     | Killed a two-headed ogre
 16547 | D:13     | Found a frozen archway.
 16617 | IceCv    | Entered an ice cave
 17433 | IceCv    | Engulfed by an ice statue's freezing vapour

Illustrated notes

Levels and vault maps discovered:
D:1:      dpeg_arrival_rooms_b, layout_loops_corners, grunt_decor_fettered
D:2:      layout_rooms, makhleb_altar_promises_db
D:3:      layout_basic, uniq_jessica
D:4:      layout_cave_pools, serial_undead, serial_undead_a, serial_undead_c,
          serial_undead_a, serial_undead_e, serial_shops, shop,
          tgw_kikubaaqudgha
D:5:      layout_gridville
D:6:      layout_loops_corners
D:7:      layout_rooms, temple_pool_b
D:8:      layout_basic, dpeg_oklobed_lair, minmay_lizard_king, uniq_grum
D:9:      layout_irregular_city, lemuel_crystal_altar, wad_rectangle_vault,
          uniq_erolcha
D:10:     gammafunk_indiana_jones, layout_layer_cave, uniq_maggie, uniq_snorg
D:11:     layout_gridville, gammafunk_ghost_split
D:12:     layout_grid_maze, minmay_orc_entry_guard_dogs, serial_shops,
          nicolae_shop_stone, statue_in_the_mist_lemuel, serial_bayou_pond_a,
          minmay_beelzebubs_servants
D:13:     layout_small_grid, basic_altar, serial_shops, shop,
          portal_ice_cave_demonic_guard, minmay_misc_feat_nine_boxes, tgw_sif,
          uniq_urug
Temple:   minmay_crystal_snake_temple
IceCv:    ice_cave_small_demon

Skill      XL: |  1  2  3  4  5  6  7  8  9 10 11 12 |
---------------+-------------------------------------+-----
Fighting       | 1 2 3 4 5 7 8 9 |  9.1
Conjurations   | 6 7 8 9 10 12 13 15 | 15.8
Dodging        | 3 4 5 7 8 9 10 | 10.3
Spellcasting   | 3 4 5 7 8 |  8.7
Air Magic      | 2 4 |  4.6
Shields        | 4 |  4.4
Stealth        | |  2.0

Action                   |  1- 3 |  4- 6 |  7- 9 | 10-12 || total
-------------------------+-------+-------+-------+-------++-------
Melee: Unarmed           |     9 |       |       |       ||     9
       Peck              |     1 |     6 |     5 |    10 ||    22
       Kick              |     1 |    11 |     6 |    26 ||    44
       Dagger            |       |    35 |    37 |       ||    72
       Rapier            |       |       |     4 |    72 ||    76
       Demon trident     |       |       |       |    35 ||    35
Throw: Dart              |       |       |     2 |     2 ||     4
 Cast: Magic Dart        |    61 |    14 |     2 |     4 ||    81
       Searing Ray       |     1 |    25 |    75 |   130 ||   231
       Iskenderun's Myst |       |       |       |    39 ||    39
 Abil: Fly               |       |     1 |       |       ||     1
  Use: Scroll            |       |       |     1 |       ||     1
 Stab: Sleeping          |       |     1 |     1 |       ||     2
Armor: Robe              |       |     8 |     7 |     4 ||    19
       Steam dragon scal |       |       |       |    24 ||    24
Dodge: Dodged            |     8 |    43 |    80 |   240 ||   371

Table legend: (Time is in decaauts)
 A = Elapsed time spent in this place.
 B = Non-inter-level travel time spent in this place.
 C = Inter-level travel time spent in this place.
 D = Time resting spent in this place.
 E = Time spent auto-exploring this place.
 F = Levels seen in this place.
 G = Mean time per level.
                   A        B        C        D        E       F      G
               +--------+--------+--------+--------+--------+-----+--------+
         Total |  16881 |  16470 |    411 |   2162 |  11900 |  15 | 1125.4 |
       Dungeon |  15875 |  15496 |    379 |   1881 |  11318 |  13 | 1221.2 |
        Temple |    187 |    155 |     32 |      0 |    147 |   1 |  187.0 |
      Ice Cave |    818 |    818 |      0 |    280 |    434 |   1 |  818.0 |
               +--------+--------+--------+--------+--------+-----+--------+

Top non-repeatable levels by time:
     D:8: 1844 daAuts
    D:12: 1745 daAuts
    D:10: 1716 daAuts
     D:4: 1628 daAuts
     D:9: 1440 daAuts
     D:6: 1290 daAuts
     D:5: 1251 daAuts
     D:1: 1231 daAuts
     D:3: 1090 daAuts
    D:11: 940 daAuts
     D:2: 932 daAuts
   IceCv: 818 daAuts
     D:7: 504 daAuts
    D:13: 260 daAuts
  Temple: 187 daAuts
